 Dungeon Sprint DCSS version 0.30.1-9-gdf580d7c3d (webtiles) character file.

Game seed: 10311342871741767670

128 Heoruswealwe the Spear-Bearer (level 4, -10/45 HPs)
             Began as a Minotaur Fighter on Oct 19, 2023.
             Mangled by a gargoyle
             ... wielding a +0 mace
              (12 damage)
             ... in the Dungeon (Sprint IX: "|||||||||||||||||||||||||||||").
             The game lasted 00:01:21 (88 turns).

Heoruswealwe the Spear-Bearer (Minotaur Fighter)      Turns: 88, Time: 00:01:22

Health: -10/45     AC:  7    Str: 22    XL:     4   Next: 86%
Magic:  3/3        EV:  9    Int:  5    God:
Gold:   0          SH:  4    Dex: 10    Spells: 3/3 levels left

rFire   . . .        a - +0 trident
rCold   . . .        d - +0 buckler
rNeg    . . .        c - +0 scale mail
rPois   .            (helmet restricted)
rElec   .            (no cloak)
rCorr   .            (no gloves)
SInv    .            (no boots)
Will    .....        (no amulet) Stlth
                     (no ring)
HPRegen 0.27/turn    (no ring)
MPRegen 0.08/turn

%: no teleportation
@: no status effects
A: horns 2, retaliatory headbutt
a: no special abilities


You were in the Dungeon.
You visited 1 branch

Inventory:

Hand Weapons
 a - a +0 trident (weapon)
Armour
 c - a +0 scale mail (worn)
 d - a +0 buckler (worn)
Jewellery
 k - a +3 ring of strength
 l - a +2 ring of protection
Wands
 h - a wand of iceblast (10)
Scrolls
 j - 2 scrolls of blinking
Potions
 b - a potion of might
 e - 5 potions of curing
 f - 3 potions of heal wounds
 g - a potion of haste
 i - a potion of berserk rage


   Skills:
 + Level 6.8 Fighting
 * Level 8.6 Polearms
 + Level 6.8 Armour
 - Level 3.6 Shields


You had 3 spell levels left.
You didn't know any spells.
Your spell library was empty.

Dungeon Overview and Level Annotations

Branches:
Dungeon (1/1)

Altars:
Cheibriados
Dithmenos
Elyvilon
Fedhas
Gozag
Hepliaklqana
Kikubaaqudgha
Makhleb
Nemelex Xobeh
Okawaru
Qazlal
Ru
Sif Muna
Trog
Uskayaw
Vehumet
Wu Jian
Xom
Yredelemnul
Zin
The Shining One
Jiyva
Lugonu


Innate Abilities, Weirdness & Mutations

You have a pair of horns on your head.
You reflexively headbutt those who attack you in melee.


Message History

There is a shimmering blue altar of Sif Muna here.
Found a glowing golden altar of the Shining One.
There is a bloodstained altar of Trog here.
There is a hide-covered altar of Uskayaw here.
There is a radiant altar of Vehumet here.
There is an ornate altar of the Wu Jian Council here.
There is a shimmering altar of Xom here.
There is a basalt altar of Yredelemnul here.
There is a glowing silver altar of Zin here.
There is a glowing golden altar of the Shining One here.
You open the door.
Found four items.
Found a +1 chain mail.
There is an open door here.
Found a +3 ring of strength.
f - 3 potions of heal wounds (gained 2);
e - 5 potions of curing (gained 4)
Things that are here:
2 potions of magic; a potion of invisibility
Found a +2 ring of protection.
j - 2 scrolls of blinking (gained 1)
You see here 2 scrolls of amnesia.
h - a wand of iceblast (10)
Items here: )))))).
Okay, then.
You see here a +0 pair of boots.
You see here a +0 pair of boots.
You see here a +1 chain mail.
k - a +3 ring of strength
l - a +2 ring of protection You open the door.
A troll, a hornet, a wight, a vampire mosquito, a centaur and a gargoyle come into view.
The troll shouts!
The hornet buzzes angrily.
The centaur shouts!
You hit the gargoyle but do no damage.
You headbutt the gargoyle, but do no damage.
The gargoyle hurls a stone arrow at you.
The stone arrow hits you!
You barely miss the gargoyle. The gargoyle hits you with a +0 mace!
* * * LOW HITPOINT WARNING * * *
You completely miss the gargoyle. The gargoyle hits you with a +0 mace!
You die...

▓.▓
▓T▓
▓y▓
▓z▓
▓y▓
▓c▓
▓9▓
▓@▓
▓.▓
▓[▓
▓[▓
▓[▓
▓.▓
▓)▓
▓?▓
▓!▓


You could see a troll, a hornet, a vampire mosquito, a gargoyle, a centaur and a
wight.

Vanquished Creatures
  A scorpion (D)
  A jelly (D)
  An iguana (D)
  An adder (D)
  A dart slug (D)
  An orc (D)
  A hobgoblin (D)
  A ball python (D)
  A frilled lizard (D)
  A rat (D)
10 creatures vanquished.

Notes
Turn   | Place    | Note
-------+----------+-------------------------------------------
     0 | D        | Heoruswealwe the Minotaur Fighter began the quest for the
                  | Orb.
     0 | D        | Reached XP level 1. HP: 19/19 MP: 0/0
     7 | D        | Reached skill level 3 in Polearms
    17 | D        | Noticed a jelly
    17 | D        | Noticed an iguana
    17 | D        | Noticed a scorpion
    26 | D        | Reached skill level 4 in Polearms
    26 | D        | Reached XP level 2. HP: 21/28 MP: 1/1
    32 | D        | Killed a scorpion
    33 | D        | Reached skill level 7 in Polearms
    33 | D        | Reached XP level 3. HP: 19/37 MP: 2/2
    33 | D        | Reached XP level 4. HP: 22/44 MP: 3/3
    37 | D        | Reached skill level 8 in Polearms
    43 | D        | Found a snail-covered altar of Cheibriados.
    43 | D        | Found a shadowy altar of Dithmenos.
    43 | D        | Found a white marble altar of Elyvilon.
    43 | D        | Found a blossoming altar of Fedhas.
    43 | D        | Found an opulent altar of Gozag.
    44 | D        | Found a hazy altar of Hepliaklqana.
    45 | D        | Found a viscous altar of Jiyva.
    46 | D        | Found an ancient bone altar of Kikubaaqudgha.
    47 | D        | Found a corrupted altar of Lugonu.
    48 | D        | Found a burning altar of Makhleb.
    49 | D        | Found a sparkling altar of Nemelex Xobeh.
    50 | D        | Found an iron altar of Okawaru.
    51 | D        | Found a stormy altar of Qazlal.
    52 | D        | Found a sacrificial altar of Ru.
    53 | D        | Found a shimmering blue altar of Sif Muna.
    54 | D        | Found a bloodstained altar of Trog.
    55 | D        | Found a hide-covered altar of Uskayaw.
    56 | D        | Found a radiant altar of Vehumet.
    57 | D        | Found an ornate altar of the Wu Jian Council.
    58 | D        | Found a shimmering altar of Xom.
    59 | D        | Found a basalt altar of Yredelemnul.
    60 | D        | Found a glowing silver altar of Zin.
    61 | D        | Found a glowing golden altar of the Shining One.
    85 | D        | Noticed a troll
    85 | D        | Noticed a hornet
    85 | D        | Noticed a vampire mosquito
    85 | D        | Noticed a centaur
    85 | D        | Noticed a gargoyle
    87 | D        | HP: 2/45 [gargoyle/+0 mace (15)]
    88 | D        | Mangled by a gargoyle

Illustrated notes

Levels and vault maps discovered:
D:        linesprint [early_d, line_temple, items_1, d_10, items_2, lair_1,
          lair_end, items_3, orc_1, orc_end, items_4, d_15, swamp_1, shoals_1,
          snake_1, spider_1, d_20, vaults_1, items_5, swamp_end, shoals_end,
          snake_end, spider_end, vaults_end, d_27, items_6, zot_1, zot_end,
          crypt_end, forest_end, elf_end, slime_end, tomb_end, abyss_end,
          pan_hell_end]

Skill      XL: |  1  2  3  4 |
---------------+-------------+-----
Fighting       | 4 6 |  6.8
Polearms       | 4 7 8 |  8.6
Armour         | 4 6 |  6.8
Shields        | |  3.6

Action                     |  1- 3 |  4- 6 || total
---------------------------+-------+-------++-------
  Melee: Trident           |    21 |     7 ||    28
         Headbutt          |     3 |     2 ||     5
 Armour: Scale mail        |     9 |       ||     9
  Dodge: Dodged            |     6 |     1 ||     7
  Block: Buckler           |     2 |     1 ||     3
